 Dungeon Crawl Stone Soup version 0.14.1-24-gbdbe590 (webtiles) character file.

17732 BoredOne the Cleaver (level 12, -12/113 HPs)
             Began as a Minotaur Fighter on June 27, 2014.
             Was the Champion of Makhleb.
             Mangled by a death yak (23 damage)
             ... on Level 3 of the Lair of Beasts.
             The game lasted 00:49:46 (17666 turns).

BoredOne the Cleaver (Minotaur Fighter)            Turns: 17666, Time: 00:49:48

HP -12/113       AC 12     Str 28      XL: 12   Next: 18%
MP  19/19        EV  6     Int  6 (8)  God: Makhleb [******]
Gold 355         SH 27     Dex 11      Spells:  0 memorised, 11 levels left

rFire  . . .     SeeInvis .     P - +5,+1 broad axe "Mnemuti" {flame, +Blink rElec rN+}
rCold  . . .     Clarity  .     Y - +0 plate armour
rNeg   + . .     Conserve .     c - +0 shield
rPois  +         rCorr    .     (helmet restricted)
rElec  +         rRot     .     (no cloak)
SustAb . .       Spirit   .     A - +0 pair of gloves
rMut   .         Warding  .     (no boots)
Saprov . . .     Stasis   .     h - amulet of rage
MR     .....                    d - ring of poison resistance {unknown}
                                S - +6 ring of strength

@: not resistant to hostile enchantments, extremely unstealthy
A: retaliatory headbutt, horns 2, spit poison 1
a: Spit Poison, Minor Destruction, Lesser Servant of Makhleb, Major Destruction,
Greater Servant of Makhleb, Renounce Religion, Evoke Blink, Evoke Berserk Rage


You were on level 3 of the Lair of Beasts.
You worshipped Makhleb.
Makhleb was exalted by your worship.
You were not hungry.

You visited 3 branches of the dungeon, and saw 15 of its levels.

You collected 569 gold pieces.
You spent 214 gold pieces at shops.

Inventory:

Hand weapons
 P - the +5,+1 broad axe "Mnemuti" (weapon) {flame, +Blink rElec rN+}
   (You acquired it on level 9 of the Dungeon)

   It emits flame when wielded, causing extra injury to most foes and up to
   double damage against particularly susceptible opponents.
   Big, fiery blades are also staple armaments of hydra-hunters.
   It insulates you from electricity.
   It protects you from negative energy.
   It lets you blink.
Missiles
 e - 4 tomahawks (quivered)
 V - 6 javelins
Armour
 c - a +0 shield (worn)
 A - a +0 pair of gloves (worn)
 Y - a +0 plate armour (worn)
Magical devices
 a - a wand of enslavement (5)
 p - a wand of disintegration (6)
 x - a wand of draining (1)
 B - a wand of magic darts (5)
Comestibles
 f - 12 strawberries
 j - 3 meat rations
 t - an apple
 C - a cheese
 H - a lychee
 J - a honeycomb
Scrolls
 q - 2 scrolls of fog
 s - a scroll of remove curse
 K - 2 scrolls of identify
 L - a scroll of immolation
Jewellery
 d - a ring of poison resistance (right hand) {unknown}
 g - an uncursed ring of protection from fire
 h - an amulet of rage (around neck)
 k - a cursed ring of hunger {unknown}
 l - a -3 ring of strength
 E - an uncursed ring of flight
 S - a +6 ring of strength (left hand)
Potions
 b - a potion of flight
 i - a potion of agility {unknown}
 I - a potion of poison {!q}
Books
 O - a book of the Dragon

   Spells                             Type                      Level
   Flight                             Charms/Air                   3
   Cause Fear                         Hexes                        4
   Bolt of Fire                       Conjuration/Fire             6
   Dragon Form                        Transmutation                7
   Dragon's Call                      Summoning                    9


   Skills:
 + Level 12.8 Fighting
 + Level 13.1 Axes
 - Level 3.6 Armour
 + Level 12.9 Shields
 + Level 7.4 Invocations


You had 11 spell levels left.
You didn't know any spells.

Dungeon Overview and Level Annotations

Branches:
Dungeon (11/15)            Temple (1/1) D:7             Orc (0/4) D:10
   Lair (3/8) D:8
  Swamp: Lair:3-6    Shoals: Lair:3-6     Snake: Lair:3-6    Spider: Lair:3-6

Altars:
Ashenzari
Cheibriados
Dithmenos
Elyvilon
Fedhas
Kikubaaqudgha
Makhleb
Nemelex Xobeh
Okawaru
Trog
Vehumet
Xom
Yredelemnul
Zin
The Shining One
Beogh
Lugonu

Shops:
D:5 ?   D:6 }   D:8 *=((


Innate Abilities, Weirdness & Mutations

You reflexively headbutt those who attack you in melee.
You have a pair of horns on your head.
You can spit poison.


Message History

* * * LOW HITPOINT WARNING * * *
Your blizzard demon waves its arms in wide circles.
The death yak is struck by the twisting air!
Your blizzard demon waves its arms in wide circles.
The death yak is struck by the twisting air!
Drink which item? (? for menu, Esc to quit)
You feel better.
The death yak gores your blizzard demon!
Your blizzard demon dies!
There is a stone staircase leading up here.
Use which ability? (? or * to list)
Press: ? - help, Shift-Dir - straight line, f - death yak
Aim: a death yak (severely wounded)
The sticky flame hits the death yak.
The death yak appears unharmed.
The death yak is severely wounded.
The death yak is covered in liquid flames!
You feel somewhat more hungry.
The flames covering the death yak go out.
The death yak stops burning.
The death yak gores you!
You die...

#..............#.......f###
##.......................#.
##...............f......Y.
#...................#f##.
##.................######
##...............f# #.
##...............## #.
#P.............##.# ###.
#..≈≈≈.@......##### #...
#.≈≈≈≈.≈Y≈.%### #...
#.≈≈≈≈≈≈≈%≈.f### ##...
####.≈≈≈≈≈≈≈≈≈≈##.# ##....
#f....≈≈≈≈≈≈≈≈...#####....#
###......≈≈≈≈≈≈≈!...##......#
#
#.........≈≈≈≈≈....#..fP...##
##
#..............###........##
.##
##..........####..........#


You could see a death yak.

Vanquished Creatures
  A hydra (Lair:3)
  Urug (D:10)
  2 hill giants (D:10)
  A manticore (D:9)
  2 gargoyles
  A black mamba (Lair:2)
  A spiny frog (Lair:2)
  A kobold demonologist (D:10)
  4 komodo dragons
  A grizzly bear (Lair:2)
  A spriggan (D:7)
  9 yaks (Lair:1)
  2 hippogriffs
  8 wolves
  A wyvern (D:9)
  2 steam dragons
  A wraith (D:10)
  A hill giant skeleton (D:8)
  2 sharks (Lair:3)
  Edmund (D:6)
  5 water moccasins
  3 ice beasts
  3 orc warriors
  3 ogres
  5 giant goldfish (D:6)
  3 sky beasts
  2 porcupines (Lair:2)
  2 centaurs
  3 crocodiles
  Blork the orc (D:6)
  2 big kobolds (D:10)
  2 giant slugs
  6 giant frogs
  3 scorpions
  6 killer bees
  7 electric eels
  3 goliath beetles
  3 crimson imps
  A centaur zombie (D:10)
  A gnoll shaman (D:10)
  A jelly (D:8)
  5 big fish
  10 orc priests
  2 centaur skeletons
  5 hounds
  A quasit (D:10)
  9 orc wizards
  6 iguanas
  7 worker ants
  Ijyb (D:2)
  A mottled dragon skeleton (D:10)
  2 ogre skeletons (D:4)
  A hound zombie (D:8)
  A mummy (D:8)
  A worker ant zombie (D:10)
  22 adders
  9 gnolls
  22 green rats
  An inept feature mimic (D:6)
  A white imp (D:10)
  7 worms
  A goliath beetle zombie (D:8)
  An ufetubus (D:10)
  An adder skeleton (D:4)
  2 iguana skeletons
  2 giant eyeballs
  12 giant geckos
  61 orcs
  A ball python (D:3)
  18 bats
  2 giant cockroaches (D:4)
  A gnoll zombie (D:7)
  12 goblins
  17 hobgoblins
  26 jackals
  21 kobolds
  An ooze (D:2)
  10 quokkas
  5 giant newts
  2 giant spores (D:7)
  A hobgoblin skeleton (D:5)
  A kobold zombie (D:7)
  An orc zombie (D:4)
  19 rats
  3 rat skeletons
  29 ballistomycetes
  2 fungi
  A plant (Lair:3)
475 creatures vanquished.

Vanquished Creatures (collateral kills)
  4 death yaks (Lair:3)
  3 komodo dragons
  A centaur (D:10)
  2 orc warriors (D:10)
  A crocodile (D:8)
  An orc priest (D:10)
  An orc wizard (D:10)
  2 green rats (Lair:3)
  An orc (D:10)
  A rat (Lair:3)
  A butterfly (Lair:3)
18 creatures vanquished.

Vanquished Creatures (others)
  An Executioner (Lair:3)
  A blizzard demon (Lair:3)
  An orange demon (D:10)
  A gnoll (D:10)
  3 ufetubi (D:8)
  5 giant spores (D:10)
  3 ballistomycetes (D:10)
15 creatures vanquished.

Grand Total: 508 creatures vanquished

Notes
Turn   | Place    | Note
--------------------------------------------------------------
     0 | D:1      | BoredOne, the Minotaur Fighter, began the quest for the Orb.
     0 | D:1      | Reached XP level 1. HP: 19/19 MP: 1/1
   246 | D:1      | Reached XP level 2. HP: 27/27 MP: 1/1
   259 | D:1      | Reached skill level 4 in Shields
   393 | D:1      | Reached skill level 4 in Fighting
   506 | D:2      | Reached XP level 3. HP: 33/33 MP: 2/2
   527 | D:2      | Noticed Ijyb
   534 | D:2      | Killed Ijyb
   534 | D:2      | Reached skill level 3 in Axes
   670 | D:2      | Reached XP level 4. HP: 39/41 MP: 2/2
   676 | D:2      | Found a sparkling altar of Nemelex Xobeh.
   977 | D:2      | Found a snail-covered altar of Cheibriados.
  1308 | D:2      | Found a white marble altar of Elyvilon.
  1696 | D:3      | Reached skill level 5 in Shields
  1792 | D:3      | Reached skill level 4 in Axes
  1796 | D:3      | Reached XP level 5. HP: 36/47 MP: 2/2
  1950 | D:3      | Found a bloodstained altar of Trog.
  2310 | D:4      | Reached skill level 5 in Fighting
  2517 | D:4      | Reached XP level 6. HP: 45/56 MP: 3/3
  2869 | D:4      | Reached skill level 5 in Axes
  2876 | D:4      | Reached skill level 6 in Shields
  3711 | D:4      | Reached XP level 7. HP: 28/62 MP: 3/3
  3945 | D:4      | Found a shimmering altar of Xom.
  4043 | D:5      | Entered Level 5 of the Dungeon
  4104 | D:5      | Reached skill level 6 in Fighting
  4280 | D:5      | Found an iron altar of Okawaru.
  4352 | D:5      | Reached skill level 6 in Axes
  4553 | D:5      | Found Bruadoarch's Magic Scroll Boutique.
  4556 | D:5      | Bought a scroll of immolation for 45 gold pieces
  4556 | D:5      | Bought a scroll of random uselessness for 13 gold pieces
  4556 | D:5      | Bought a scroll of noise for 13 gold pieces
  4556 | D:5      | Bought a scroll of enchant weapon II for 71 gold pieces
  4556 | D:5      | Bought a scroll of enchant weapon I for 45 gold pieces
  4610 | D:5      | Found a burning altar of Makhleb.
  4613 | D:5      | Became a worshipper of Makhleb the Destroyer
  4670 | D:5      | Reached skill level 7 in Shields
  5170 | D:6      | HP: 12/64 [giant goldfish (8)]
  5175 | D:6      | Reached skill level 7 in Fighting
  5175 | D:6      | Reached XP level 8. HP: 13/73 MP: 3/3
  5600 | D:6      | Reached skill level 7 in Axes
  5748 | D:6      | Found Trepase's Gadget Shop.
  5759 | D:6      | Reached skill level 8 in Shields
  5904 | D:6      | Found a staircase to the Ecumenical Temple.
  6459 | D:6      | Noticed Edmund
  6497 | D:6      | Noticed Blork the orc
  6516 | D:6      | Killed Edmund
  6516 | D:6      | Reached skill level 8 in Fighting
  6516 | D:6      | Reached skill level 8 in Axes
  6539 | D:6      | Paralysed by a potion of paralysis for 6 turns
  6673 | D:6      | Killed Blork the orc
  6943 | D:6      | Reached skill level 9 in Shields
  7380 | D:6      | Reached XP level 9. HP: 74/82 MP: 4/4
  7711 | D:7      | Acquired Makhleb's first power
  7738 | D:7      | Found a staircase to the Ecumenical Temple.
  7748 | D:7      | Found a bloodstained altar of Trog.
  7750 | Temple   | Entered the Ecumenical Temple
  8005 | D:7      | Reached skill level 9 in Fighting
  8050 | D:7      | Reached skill level 9 in Axes
  8290 | D:7      | Found a white marble altar of Elyvilon.
  8925 | D:7      | Acquired Makhleb's second power
  8963 | D:7      | Reached skill level 10 in Shields
  9134 | D:6      | the staircase to the Ecumenical Temple was a mimic.
  9201 | D:8      | Found Psesibel's Weapon Boutique.
  9216 | D:8      | Found Khaoprasm's Antique Weapon Shoppe.
  9268 | D:8      | Reached skill level 1 in Invocations
  9269 | D:8      | Found Fakas' Jewellery Emporium.
  9726 | D:8      | Found Wimm's Assorted Antiques.
  9759 | D:8      | Reached skill level 10 in Fighting
  9767 | D:8      | Acquired Makhleb's third power
  9823 | D:8      | Bought a scroll labeled SUEHOXOXEA for 27 gold pieces
  9881 | D:8      | Reached skill level 2 in Invocations
  9918 | D:8      | Reached skill level 10 in Axes
  9935 | D:8      | Found a staircase to the Lair.
 10381 | D:8      | Reached XP level 10. HP: 49/93 MP: 7/7
 11024 | D:9      | Identified 2 scrolls of acquirement
 11028 | D:9      | Got a jewelled broad axe
 11029 | D:9      | Identified the +5,+1 broad axe "Mnemuti" {flame, +Blink rElec rN+} (You acquired it on level 9 of the Dungeon)
 11090 | D:9      | Reached skill level 3 in Invocations
 11148 | D:9      | Noticed a manticore
 11154 | D:9      | HP: 10/94 [manticore (22)]
 11158 | D:9      | Killed a manticore
 11522 | D:9      | Found a shadowy altar of Dithmenos.
 11728 | D:9      | Found a radiant altar of Vehumet.
 11729 | D:9      | Found an ancient bone altar of Kikubaaqudgha.
 11821 | D:10     | Entered Level 10 of the Dungeon
 12145 | D:10     | Reached skill level 11 in Shields
 12145 | D:10     | Reached skill level 4 in Invocations
 12441 | D:10     | Acquired Makhleb's fourth power
 12677 | D:10     | Reached skill level 11 in Fighting
 12682 | D:10     | Reached skill level 11 in Axes
 12908 | D:10     | Noticed Urug
 12928 | D:10     | Killed Urug
 13108 | D:10     | Found a roughly hewn altar of Beogh.
 13112 | D:10     | Found a staircase to the Orcish Mines.
 13516 | D:10     | Noticed a hill giant
 13520 | D:10     | Killed a hill giant
 13520 | D:10     | Reached XP level 11. HP: 53/102 MP: 13/13
 13562 | D:10     | Acquired Makhleb's fifth power
 13642 | D:10     | Noticed a hill giant
 13647 | D:10     | Killed a hill giant
 13647 | D:10     | Reached skill level 5 in Invocations
 14505 | Lair:1   | Entered Level 1 of the Lair of Beasts
 14918 | Lair:1   | Reached skill level 12 in Axes
 14924 | Lair:1   | Reached skill level 12 in Shields
 15652 | Lair:1   | Reached skill level 12 in Fighting
 15797 | Lair:2   | Gained mutation: You can spit poison. [potion of beneficial mutation]
 15833 | Lair:2   | Reached skill level 6 in Invocations
 16683 | Lair:3   | Noticed a seven-headed hydra
 16691 | Lair:3   | Killed a three-headed hydra
 17099 | Lair:3   | Reached skill level 7 in Invocations
 17243 | Lair:3   | Reached XP level 12. HP: 108/113 MP: 19/19
 17599 | Lair:3   | Reached skill level 13 in Axes
 17655 | Lair:3   | HP: 3/113 [death yak (16)]
 17666 | Lair:3   | Mangled by a death yak

Action                   |  1- 3 |  4- 6 |  7- 9 | 10-12 || total
-------------------------+-------+-------+-------+-------++-------
Melee: War axe           |    63 |   215 |   489 |    49 ||   816
       Broad axe         |       |       |       |   535 ||   535
Throw: Tomahawk          |       |       |     4 |     2 ||     6
Invok: Lesser Servant of |       |       |     3 |     3 ||     6
       Greater Servant o |       |       |       |     3 ||     3
       Major Destruction |       |       |       |     1 ||     1
Evoke: Wand              |       |     3 |     4 |     9 ||    16
  Use: Scroll            |       |     5 |     4 |    14 ||    23
       Potion            |       |     3 |    10 |     6 ||    19
Dungeon Crawl Stone Soup version 0.14.1-24-gbdbe590 (webtiles) character file. 17732 BoredOne the Cleaver (level 12, -12/113 HPs) Began as a Minotaur Fighter on June 27, 2014. Was the Champion of Makhleb. Mangled by a death yak (23 damage) ... on Level 3 of the Lair of Beasts. The game lasted 00:49:46 (17666 turns). BoredOne the Cleaver (Minotaur Fighter) Turns: 17666, Time: 00:49:48 HP -12/113 AC 12 Str 28 XL: 12 Next: 18% MP 19/19 EV 6 Int 6 (8) God: Makhleb [******] Gold 355 SH 27 Dex 11 Spells: 0 memorised, 11 levels left rFire . . . SeeInvis . P - +5,+1 broad axe "Mnemuti" {flame, +Blink rElec rN+} rCold . . . Clarity . Y - +0 plate armour rNeg + . . Conserve . c - +0 shield rPois + rCorr . (helmet restricted) rElec + rRot . (no cloak) SustAb . . Spirit . A - +0 pair of gloves rMut . Warding . (no boots) Saprov . . . Stasis . h - amulet of rage MR ..... d - ring of poison resistance {unknown} S - +6 ring of strength @: not resistant to hostile enchantments, extremely unstealthy A: retaliatory headbutt, horns 2, spit poison 1 a: Spit Poison, Minor Destruction, Lesser Servant of Makhleb, Major Destruction, Greater Servant of Makhleb, Renounce Religion, Evoke Blink, Evoke Berserk Rage You were on level 3 of the Lair of Beasts. You worshipped Makhleb. Makhleb was exalted by your worship. You were not hungry. You visited 3 branches of the dungeon, and saw 15 of its levels. You collected 569 gold pieces. You spent 214 gold pieces at shops. Dungeon Overview and Level Annotations Branches: Dungeon (11/15) Temple (1/1) D:7 Orc (0/4) D:10 Lair (3/8) D:8 Swamp: Lair:3-6 Shoals: Lair:3-6 Snake: Lair:3-6 Spider: Lair:3-6 Altars: Ashenzari Cheibriados Dithmenos Elyvilon Fedhas Kikubaaqudgha Makhleb Nemelex Xobeh Okawaru Trog Vehumet Xom Yredelemnul Zin The Shining One Beogh Lugonu Shops: D:5 ? D:6 } D:8 *=(( Innate Abilities, Weirdness & Mutations You reflexively headbutt those who attack you in melee. You have a pair of horns on your head. You can spit poison. Skills: + Level 12.8 Fighting + Level 13.1 Axes - Level 3.6 Armour + Level 12.9 Shields + Level 7.4 Invocations You had 11 spell levels left. You didn't know any spells. Inventory: Hand weapons P - the +5,+1 broad axe "Mnemuti" (weapon) {flame, +Blink rElec rN+} (You acquired it on level 9 of the Dungeon) It emits flame when wielded, causing extra injury to most foes and up to double damage against particularly susceptible opponents. Big, fiery blades are also staple armaments of hydra-hunters. It insulates you from electricity. It protects you from negative energy. It lets you blink. Missiles e - 4 tomahawks (quivered) V - 6 javelins Armour c - a +0 shield (worn) A - a +0 pair of gloves (worn) Y - a +0 plate armour (worn) Magical devices a - a wand of enslavement (5) p - a wand of disintegration (6) x - a wand of draining (1) B - a wand of magic darts (5) Comestibles f - 12 strawberries j - 3 meat rations t - an apple C - a cheese H - a lychee J - a honeycomb Scrolls q - 2 scrolls of fog s - a scroll of remove curse K - 2 scrolls of identify L - a scroll of immolation Jewellery d - a ring of poison resistance (right hand) {unknown} g - an uncursed ring of protection from fire h - an amulet of rage (around neck) k - a cursed ring of hunger {unknown} l - a -3 ring of strength E - an uncursed ring of flight S - a +6 ring of strength (left hand) Potions b - a potion of flight i - a potion of agility {unknown} I - a potion of poison {!q} Books O - a book of the Dragon Spells Type Level Flight Charms/Air 3 Cause Fear Hexes 4 Bolt of Fire Conjuration/Fire 6 Dragon Form Transmutation 7 Dragon's Call Summoning 9 Message History * * * LOW HITPOINT WARNING * * * Your blizzard demon waves its arms in wide circles. The death yak is struck by the twisting air! Your blizzard demon waves its arms in wide circles. The death yak is struck by the twisting air! Drink which item? (? for menu, Esc to quit) You feel better. The death yak gores your blizzard demon! Your blizzard demon dies! There is a stone staircase leading up here. Use which ability? (? or * to list) Press: ? - help, Shift-Dir - straight line, f - death yak Aim: a death yak (severely wounded) The sticky flame hits the death yak. The death yak appears unharmed. The death yak is severely wounded. The death yak is covered in liquid flames! You feel somewhat more hungry. The flames covering the death yak go out. The death yak stops burning. The death yak gores you! You die... #..............#.......f### ##.......................#. ##...............f......Y. #...................#f##. ##.................###### ##...............f# #. ##...............## #. #P.............##.# ###. #..≈≈≈.@......##### #... #.≈≈≈≈.≈Y≈.%### #... #.≈≈≈≈≈≈≈%≈.f### ##... ####.≈≈≈≈≈≈≈≈≈≈##.# ##.... #f....≈≈≈≈≈≈≈≈...#####....# ###......≈≈≈≈≈≈≈!...##......# # #.........≈≈≈≈≈....#..fP...## ## #..............###........## .## ##..........####..........# You could see a death yak.

Action                   |  1- 3 |  4- 6 |  7- 9 | 10-12 || total
-------------------------+-------+-------+-------+-------++-------
Melee: War axe           |    63 |   215 |   489 |    49 ||   816
       Broad axe         |       |       |       |   535 ||   535
Throw: Tomahawk          |       |       |     4 |     2 ||     6
Invok: Lesser Servant of |       |       |     3 |     3 ||     6
       Greater Servant o |       |       |       |     3 ||     3
       Major Destruction |       |       |       |     1 ||     1
Evoke: Wand              |       |     3 |     4 |     9 ||    16
  Use: Scroll            |       |     5 |     4 |    14 ||    23
       Potion            |       |     3 |    10 |     6 ||    19

Vanquished Creatures
  A hydra (Lair:3)
  Urug (D:10)
  2 hill giants (D:10)
  A manticore (D:9)
  2 gargoyles
  A black mamba (Lair:2)
  A spiny frog (Lair:2)
  A kobold demonologist (D:10)
  4 komodo dragons
  A grizzly bear (Lair:2)
  A spriggan (D:7)
  9 yaks (Lair:1)
  2 hippogriffs
  8 wolves
  A wyvern (D:9)
  2 steam dragons
  A wraith (D:10)
  A hill giant skeleton (D:8)
  2 sharks (Lair:3)
  Edmund (D:6)
  5 water moccasins
  3 ice beasts
  3 orc warriors
  3 ogres
  5 giant goldfish (D:6)
  3 sky beasts
  2 porcupines (Lair:2)
  2 centaurs
  3 crocodiles
  Blork the orc (D:6)
  2 big kobolds (D:10)
  2 giant slugs
  6 giant frogs
  3 scorpions
  6 killer bees
  7 electric eels
  3 goliath beetles
  3 crimson imps
  A centaur zombie (D:10)
  A gnoll shaman (D:10)
  A jelly (D:8)
  5 big fish
  10 orc priests
  2 centaur skeletons
  5 hounds
  A quasit (D:10)
  9 orc wizards
  6 iguanas
  7 worker ants
  Ijyb (D:2)
  A mottled dragon skeleton (D:10)
  2 ogre skeletons (D:4)
  A hound zombie (D:8)
  A mummy (D:8)
  A worker ant zombie (D:10)
  22 adders
  9 gnolls
  22 green rats
  An inept feature mimic (D:6)
  A white imp (D:10)
  7 worms
  A goliath beetle zombie (D:8)
  An ufetubus (D:10)
  An adder skeleton (D:4)
  2 iguana skeletons
  2 giant eyeballs
  12 giant geckos
  61 orcs
  A ball python (D:3)
  18 bats
  2 giant cockroaches (D:4)
  A gnoll zombie (D:7)
  12 goblins
  17 hobgoblins
  26 jackals
  21 kobolds
  An ooze (D:2)
  10 quokkas
  5 giant newts
  2 giant spores (D:7)
  A hobgoblin skeleton (D:5)
  A kobold zombie (D:7)
  An orc zombie (D:4)
  19 rats
  3 rat skeletons
  29 ballistomycetes
  2 fungi
  A plant (Lair:3)
475 creatures vanquished.

Vanquished Creatures (collateral kills)
  4 death yaks (Lair:3)
  3 komodo dragons
  A centaur (D:10)
  2 orc warriors (D:10)
  A crocodile (D:8)
  An orc priest (D:10)
  An orc wizard (D:10)
  2 green rats (Lair:3)
  An orc (D:10)
  A rat (Lair:3)
  A butterfly (Lair:3)
18 creatures vanquished.

Vanquished Creatures (others)
  An Executioner (Lair:3)
  A blizzard demon (Lair:3)
  An orange demon (D:10)
  A gnoll (D:10)
  3 ufetubi (D:8)
  5 giant spores (D:10)
  3 ballistomycetes (D:10)
15 creatures vanquished. Grand Total:
508 creatures vanquished Notes Turn | Place | Note -------------------------------------------------------------- 0 | D:1 | BoredOne, the Minotaur Fighter, began the quest for the Orb. 0 | D:1 | Reached XP level 1. HP: 19/19 MP: 1/1 246 | D:1 | Reached XP level 2. HP: 27/27 MP: 1/1 259 | D:1 | Reached skill level 4 in Shields 393 | D:1 | Reached skill level 4 in Fighting 506 | D:2 | Reached XP level 3. HP: 33/33 MP: 2/2 527 | D:2 | Noticed Ijyb 534 | D:2 | Killed Ijyb 534 | D:2 | Reached skill level 3 in Axes 670 | D:2 | Reached XP level 4. HP: 39/41 MP: 2/2 676 | D:2 | Found a sparkling altar of Nemelex Xobeh. 977 | D:2 | Found a snail-covered altar of Cheibriados. 1308 | D:2 | Found a white marble altar of Elyvilon. 1696 | D:3 | Reached skill level 5 in Shields 1792 | D:3 | Reached skill level 4 in Axes 1796 | D:3 | Reached XP level 5. HP: 36/47 MP: 2/2 1950 | D:3 | Found a bloodstained altar of Trog. 2310 | D:4 | Reached skill level 5 in Fighting 2517 | D:4 | Reached XP level 6. HP: 45/56 MP: 3/3 2869 | D:4 | Reached skill level 5 in Axes 2876 | D:4 | Reached skill level 6 in Shields 3711 | D:4 | Reached XP level 7. HP: 28/62 MP: 3/3 3945 | D:4 | Found a shimmering altar of Xom. 4043 | D:5 | Entered Level 5 of the Dungeon 4104 | D:5 | Reached skill level 6 in Fighting 4280 | D:5 | Found an iron altar of Okawaru. 4352 | D:5 | Reached skill level 6 in Axes 4553 | D:5 | Found Bruadoarch's Magic Scroll Boutique. 4556 | D:5 | Bought a scroll of immolation for 45 gold pieces 4556 | D:5 | Bought a scroll of random uselessness for 13 gold pieces 4556 | D:5 | Bought a scroll of noise for 13 gold pieces 4556 | D:5 | Bought a scroll of enchant weapon II for 71 gold pieces 4556 | D:5 | Bought a scroll of enchant weapon I for 45 gold pieces 4610 | D:5 | Found a burning altar of Makhleb. 4613 | D:5 | Became a worshipper of Makhleb the Destroyer 4670 | D:5 | Reached skill level 7 in Shields 5170 | D:6 | HP: 12/64 [giant goldfish (8)] 5175 | D:6 | Reached skill level 7 in Fighting 5175 | D:6 | Reached XP level 8. HP: 13/73 MP: 3/3 5600 | D:6 | Reached skill level 7 in Axes 5748 | D:6 | Found Trepase's Gadget Shop. 5759 | D:6 | Reached skill level 8 in Shields 5904 | D:6 | Found a staircase to the Ecumenical Temple. 6459 | D:6 | Noticed Edmund 6497 | D:6 | Noticed Blork the orc 6516 | D:6 | Killed Edmund 6516 | D:6 | Reached skill level 8 in Fighting 6516 | D:6 | Reached skill level 8 in Axes 6539 | D:6 | Paralysed by a potion of paralysis for 6 turns 6673 | D:6 | Killed Blork the orc 6943 | D:6 | Reached skill level 9 in Shields 7380 | D:6 | Reached XP level 9. HP: 74/82 MP: 4/4 7711 | D:7 | Acquired Makhleb's first power 7738 | D:7 | Found a staircase to the Ecumenical Temple. 7748 | D:7 | Found a bloodstained altar of Trog. 7750 | Temple | Entered the Ecumenical Temple 8005 | D:7 | Reached skill level 9 in Fighting 8050 | D:7 | Reached skill level 9 in Axes 8290 | D:7 | Found a white marble altar of Elyvilon. 8925 | D:7 | Acquired Makhleb's second power 8963 | D:7 | Reached skill level 10 in Shields 9134 | D:6 | the staircase to the Ecumenical Temple was a mimic. 9201 | D:8 | Found Psesibel's Weapon Boutique. 9216 | D:8 | Found Khaoprasm's Antique Weapon Shoppe. 9268 | D:8 | Reached skill level 1 in Invocations 9269 | D:8 | Found Fakas' Jewellery Emporium. 9726 | D:8 | Found Wimm's Assorted Antiques. 9759 | D:8 | Reached skill level 10 in Fighting 9767 | D:8 | Acquired Makhleb's third power 9823 | D:8 | Bought a scroll labeled SUEHOXOXEA for 27 gold pieces 9881 | D:8 | Reached skill level 2 in Invocations 9918 | D:8 | Reached skill level 10 in Axes 9935 | D:8 | Found a staircase to the Lair. 10381 | D:8 | Reached XP level 10. HP: 49/93 MP: 7/7 11024 | D:9 | Identified 2 scrolls of acquirement 11028 | D:9 | Got a jewelled broad axe 11029 | D:9 | Identified the +5,+1 broad axe "Mnemuti" {flame, +Blink rElec rN+} (You acquired it on level 9 of the Dungeon) 11090 | D:9 | Reached skill level 3 in Invocations 11148 | D:9 | Noticed a manticore 11154 | D:9 | HP: 10/94 [manticore (22)] 11158 | D:9 | Killed a manticore 11522 | D:9 | Found a shadowy altar of Dithmenos. 11728 | D:9 | Found a radiant altar of Vehumet. 11729 | D:9 | Found an ancient bone altar of Kikubaaqudgha. 11821 | D:10 | Entered Level 10 of the Dungeon 12145 | D:10 | Reached skill level 11 in Shields 12145 | D:10 | Reached skill level 4 in Invocations 12441 | D:10 | Acquired Makhleb's fourth power 12677 | D:10 | Reached skill level 11 in Fighting 12682 | D:10 | Reached skill level 11 in Axes 12908 | D:10 | Noticed Urug 12928 | D:10 | Killed Urug 13108 | D:10 | Found a roughly hewn altar of Beogh. 13112 | D:10 | Found a staircase to the Orcish Mines. 13516 | D:10 | Noticed a hill giant 13520 | D:10 | Killed a hill giant 13520 | D:10 | Reached XP level 11. HP: 53/102 MP: 13/13 13562 | D:10 | Acquired Makhleb's fifth power 13642 | D:10 | Noticed a hill giant 13647 | D:10 | Killed a hill giant 13647 | D:10 | Reached skill level 5 in Invocations 14505 | Lair:1 | Entered Level 1 of the Lair of Beasts 14918 | Lair:1 | Reached skill level 12 in Axes 14924 | Lair:1 | Reached skill level 12 in Shields 15652 | Lair:1 | Reached skill level 12 in Fighting 15797 | Lair:2 | Gained mutation: You can spit poison. [potion of beneficial mutation] 15833 | Lair:2 | Reached skill level 6 in Invocations 16683 | Lair:3 | Noticed a seven-headed hydra 16691 | Lair:3 | Killed a three-headed hydra 17099 | Lair:3 | Reached skill level 7 in Invocations 17243 | Lair:3 | Reached XP level 12. HP: 108/113 MP: 19/19 17599 | Lair:3 | Reached skill level 13 in Axes 17655 | Lair:3 | HP: 3/113 [death yak (16)] 17666 | Lair:3 | Mangled by a death yak

Vault maps used:
D:1:      scummos_arrival_star
D:2:      cheibriados_altar_wand_db, lemuel_doored_altar, elyvilon_altar_3,
          uniq_iyjb
D:3:      trog_butcher_becter
D:4:      kennysheep_mini_moat, first_bread
D:5:      kennysheep_mini, okawaru_altar_gauntlet_db, serial_shops,
          nicolae_shop_behind_doors, st_stairs_9
D:6:      nicolae_overflow_hidden_temple, temple_statues, serial_shops,
          nicolae_shop_waterfront, serial_bayou, serial_bayou_ford_a,
          serial_bayou_lagoon_b, serial_bayou_crossing, serial_bayou_pond_a,
          uniq_edmund, uniq_blork_the_orc
D:7:      minmay_temple_entry_trees, the_bakery, hangedman_feature_mirror,
          wad_floor_pattern_1
D:8:      erik_lair_dragon, serial_shops,
          nicolae_shop_temple_entry_statues_fountains,
          nicolae_shop_overgrown_old_shop, shop, nicolae_shop_overgrown_old_shop
D:9:      kennysheep_little_box, gammafunk_temple_overflow_statue, serial_glass,
          glass_columns_b, glass_columns_a
D:10:     david_orc_5, hangedman_abyss_or_decor_stabs, kennysheep_diamond,
          uniq_urug
Temple:   corrupted_temple_6
Lair:1:   st_stairs_10, bh_autumn_forest_stairs, lemuel_fruit_tree
Lair:2:   infiniplex_staircase_pool_2
Lair:3:   infiniplex_staircase_pool, lemuel_strawberry_fields,
          serial_bayou_shore_b, serial_bayou_shore_b
